 Dungeon Crawl Stone Soup version 0.29.1-12-g30fa7ad0bf (webtiles) character file.

Game seed: 9335487457408957403

285274 LustLizard the Devastator (level 20, -6/157 HPs)
             Began as a Barachi Ice Elementalist on Dec 9, 2022.
             Was the Champion of Cheibriados.
             Mangled by a large abomination (11 damage)
             ... on level 3 of the Abyss on Dec 14, 2022.
             The game lasted 02:53:37 (49247 turns).

LustLizard the Devastator (BaIE)                   Turns: 49247, Time: 02:53:38

Health: -6/157     AC: 24    Str: 27    XL:     20   Next: 61%
Magic:  17/49      EV: 14    Int: 46    God:    Cheibriados [******]
Gold:   1528       SH:  0    Dex: 30    Spells: 11/52 levels left

rFire   + . .      SeeInvis +   O - +9 shortbow of Bec Nimae {freeze, rElec rPois rC+ Int+5}
rCold   + + +      Faith    .   (shield currently unavailable)
rNeg    + . .      Spirit   .   U - +1 plate armour of Roaxt {*Corrode +Blink rC+ rN+ Dex+4}
rPois   +          Reflect  .   W - +2 helmet {SInv}
rElec   +          Harm     .   E - scarf {rC+ rF+}
rCorr   .          Rampage  .   e - -2 pair of gloves of Darkness {*Slow Int+6}
Will    +....                   (no boots)
Stlth   ..........              c - amulet of regeneration
HPRegen 0.00/turn               B - ring of magical power
MPRegen 0.31/turn               z - +4 ring of protection

@: sick, very slightly contaminated, studying 2 skills, very slow
A: amphibious, slowness 1, strong legs 2, +LOS, clumsy 1, dopey 1
}: 2/15 runes: decaying, serpentine
a: Hop, Renounce Religion, Evoke Blink, Bend Time, Temporal Distortion, Slouch,
Step From Time


You were on level 3 of the Abyss.
You worshipped Cheibriados.
Cheibriados was exalted by your worship.
You visited 6 branches of the dungeon, and saw 33 of its levels.
You visited the Abyss 1 time.
You also visited: Bailey.

You collected 3470 gold pieces.
You spent 1942 gold pieces at shops.

Inventory:

Hand Weapons
 O - the +9 shortbow of Bec Nimae (weapon) {freeze, rElec rPois rC+ Int+5}
   (You bought it in a shop on level 2 of the Orcish Mines)

   Any ammunition fired from it freezes those it strikes, dealing additional
   cold damage.
   It can also slow down cold-blooded creatures.
   Int:       It affects your intelligence (+5).
   rC:        It protects you from cold.
   rElec:     It insulates you from electricity.
   rPois:     It protects you from poison.
Armour
 e - the -2 pair of gloves of Darkness (worn) {*Slow Int+6}
   (You acquired it on level 2 of the Vaults)

   Int:       It affects your intelligence (+6).
   *Slow:     It may slow you when you take damage.
 j - the +1 buckler of Laruthra {Dex+2 Slay+2}
   (You found it on level 2 of the Dungeon)

   Dex:       It affects your dexterity (+2).
   Slay:      It affects your accuracy & damage with ranged weapons and melee
   (+2).
 w - the +2 ring mail of the Leaf {rElec rN++ rCorr Int-3}
   (You found it on level 4 of the Dungeon)

   Int:       It affects your intelligence (-3).
   rElec:     It insulates you from electricity.
   rN:        It greatly protects you from negative energy.
   rCorr:     It protects you from acid and corrosion.
 E - a scarf of resistance (worn)
 J - a +2 kite shield of protection
 U - the +1 plate armour of Roaxt (worn) {*Corrode +Blink rC+ rN+ Dex+4}
   (You found it on level 4 of the Snake Pit)

   Dex:       It affects your dexterity (+4).
   rC:        It protects you from cold.
   rN:        It protects you from negative energy.
   +Blink:    It lets you blink.
   *Corrode:  It may corrode you when you take damage.
 W - a +2 helmet of see invisible (worn)
Jewellery
 c - an amulet of regeneration (around neck)
 r - a +4 ring of evasion
 s - a +6 ring of strength
 z - a +4 ring of protection (right hand)
 A - an amulet of the acrobat
 B - a ring of magical power (left hand)
 I - the ring of the City {rF+ rCorr}
   (You acquired it on level 6 of the Dungeon)

   [ring of resist corrosion]

   rF:        It protects you from fire.
   rCorr:     It protects you from acid and corrosion.
 L - the ring of Methouto {rN+ Str+5}
   (You took it off a gnoll on level 7 of the Dungeon)

   [ring of positive energy]

   Str:       It affects your strength (+5).
   rN:        It protects you from negative energy.
 P - a ring of protection from fire
 R - a ring of wizardry
 Y - a ring of fire
Wands
 p - a wand of flame (70)
 y - a wand of light (15)
 D - a wand of roots (3)
 F - a wand of paralysis (10)
 K - a wand of polymorph (9)
 N - a wand of mindburst (13)
Scrolls
 d - a scroll of summoning
 g - 5 scrolls of blinking
 h - 7 scrolls of teleportation
 k - 2 scrolls of enchant armour
 l - 3 scrolls of fog
 u - 2 scrolls of poison
 C - a scroll of fear
 G - 3 scrolls of magic mapping
 Q - 3 scrolls of torment
 T - a scroll of immolation
 Z - 2 scrolls of silence
Potions
 a - 5 potions of attraction
 b - 2 potions of magic
 n - a potion of invisibility
 o - 8 potions of might
 q - 3 potions of curing
 v - 5 potions of resistance
 x - 9 potions of lignification
 M - 7 potions of brilliance
 S - a potion of berserk rage
 V - 7 potions of flight
Miscellaneous
 f - a condenser vane
 i - a box of beasts (inert)
 m - a phial of floods
 H - a tin of tremorstones (2/2)
 X - a lightning rod (4/4)


   Skills:
 + Level 13.4 Fighting
 + Level 13.5 Armour
 - Level 6.8 Dodging
 - Level 1.7 Stealth
 - Level 10.9 Shields
 + Level 16.7 Spellcasting
 * Level 19.9 Conjurations
 - Level 7.0 Necromancy
 + Level 17.5 Ice Magic
 - Level 10.7 Invocations
 - Level 9.3 Evocations


You had 11 spell levels left.
You knew the following spells:

 Your Spells              Type           Power      Damage    Failure   Level
a - Orb of Destruction    Conj           61%        9d15      1%          7
b - Irradiate             Conj/Tmut      46%        3d27      1%          5
c - Ozocubu's Armour      Ice            100%       N/A       0%          3
d - Hailstorm             Conj/Ice       100%       3d20      1%          4
e - Static Discharge      Conj/Air       92%        3-15/arc  1%          2
f - Metabolic Englaciati  Hex/Ice        43%        N/A       3%          5
g - Simulacrum            Ice/Necr       50%        N/A       4%          6
h - Fireball              Conj/Fire      46%        3d18      1%          5
i - Dispel Undead         Necr           80%        3d26      2%          4

Your spell library contained the following spells:

 Spells                   Type           Power      Damage    Failure   Level
 Freeze                   Ice            100%       1d11      0%          1
 Magic Dart               Conj           100%       1d8       0%          1
 Searing Ray              Conj           100%       2d8       0%          2
 Frozen Ramparts          Ice            100%       1d16      0%          3
 Necrotise                Necr           100%       1d9       1%          1
 Ensorcelled Hibernation  Hex/Ice        100%       N/A       1%          2
 Stone Arrow              Conj/Erth      100%       3d13      1%          3
 Vampiric Draining        Necr           80%        2d11      1%          3
 Fulminant Prism          Conj/Hex       46%        3d21      1%          4
 Sticky Flame             Conj/Fire      92%        2d10      1%          4
 Iskenderun's Battlesphe  Conj           100%       2d15      1%          5
 Lightning Bolt           Conj/Air       46%        1d66      1%          5
 Beastly Appendage        Tmut           76%        N/A       4%          1
 Sandblast                Erth           76%        2d16      4%          1
 Sting                    Tmut/Pois      100%       1d8       4%          1
 Passwall                 Tmut/Erth      31%        N/A       6%          2
 Poisonous Vapours        Pois/Air       76%        N/A       6%          2
 Wereblood                Tmut           38%        N/A       6%          2
 Agony                    Necr           80%        N/A       6%          5
 Anguish                  Hex/Necr       31%        N/A       10%         4
 Conjure Ball Lightning   Conj/Air       46%        3x3d16    11%         6
 Iron Shot                Conj/Erth      46%        9d9       11%         6
 Call Canine Familiar     Summ           38%        N/A       12%         3
 Gell's Gravitas          Tloc           38%        N/A       12%         3
 Lesser Beckoning         Tloc           38%        N/A       12%         3
 Portal Projectile        Hex/Tloc       76%        N/A       12%         3
 Spider Form              Tmut/Pois      38%        N/A       12%         3
 Swiftness                Air            38%        N/A       12%         3
 Teleport Other           Tloc           38%        N/A       12%         3
 Tukima's Dance           Hex            38%        N/A       12%         3
 Borgnjor's Vile Clutch   Necr/Erth      31%        N/A       26%         5
 Animate Armour           Summ/Erth      76%        N/A       38%         4
 Leda's Liquefaction      Hex/Erth       19%        N/A       38%         4
 Olgreb's Toxic Radiance  Pois           38%        N/A       38%         4
 Passage of Golubria      Tloc           38%        N/A       38%         4
 Petrify                  Tmut/Erth      38%        N/A       38%         4
 Alistair's Intoxication  Tmut/Pois      25%        N/A       75%         5
 Blade Hands              Tmut           19%        N/A       75%         5
 Yara's Violent Unravell  Hex/Tmut       19%        3d9       75%         5
 Eringya's Noxious Bog    Tmut/Pois      19%        N/A       99%         6
 Statue Form              Tmut/Erth      25%        N/A       99%         6
 Dragon Form              Tmut           19%        N/A       100%        7
 Enfeeble                 Hex            19%        N/A       100%        7
 Maxwell's Capacitive Co  Air            19%        ∞         100%        8


Dungeon Overview and Level Annotations

Branches:
Dungeon (15/15)            Temple (0/1) D:6            Lair (5/5) D:11
  Swamp (4/4) Lair:2        Snake (4/4) Lair:2        Slime (0/5) Lair:4
    Orc (2/2) D:10            Elf (0/3) Orc:2        Vaults (3/5) D:14
  Crypt (0/3) Vaults:2     Depths (0/4) D:15         Bailey (visited)

Altars:
Ashenzari
Cheibriados
Elyvilon
Fedhas
Hepliaklqana
Nemelex Xobeh
Qazlal
Ru
Uskayaw
Vehumet
Wu Jian
The Shining One
Jiyva

Shops:
D:3 (   D:6 ?   D:7 (   D:8 =   D:15 *   Orc:1 (   Orc:2 *[(=   Snake:1 **

Annotations:
D:15 exclusion: frost giant
Lair:4 4 runed translucent doors, Faliobat's ghost, journeyman TeHu


Innate Abilities, Weirdness & Mutations

You are amphibious.
You cover ground slowly.
You can hop long distances.
You have an extended range of vision and can be seen from far away.
You are clumsy. (Dex -2)
You are dopey. (Int -2)


Message History

You hear a bark!
The fire bat misses you. The fire bat barely misses you.
The fire bat closely misses you. The fire bat barely misses you.
The fire bat misses you.
The fire bat bites you but does no damage. x2
The fire bat barely misses you. x2
The fire bat attacks as you move away! The fire bat misses you.
The fire bat barely misses you.
The fire bat bites you but does no damage.
The fire bat misses you.
The fire bat bites you but does no damage.
A raiju comes into view.
The fire bat barely misses you. The fire bat bites you.
* * * LOW HITPOINT WARNING * * *
You are engulfed in flames.
You resist.
* * * LOW HITPOINT WARNING * * *
The large abomination attacks as you move away!
The large abomination closely misses you.
You are suddenly pulled into a different region of the Abyss!
You start resting.
A thrashing horror comes into view.
You start resting.
A large abomination comes into view.
Fire: O) +9 shortbow of Bec Nimae {freeze, rElec rPois rC+ Int+5}
Press: ? - help, Q - select action, (/) - cycle Shift-Dir - straight line, f - large abomination
Aim: a large abomination (wandering, hasn't noticed you, 85% to hit)
You shoot an arrow.
The arrow hits the large abomination but does no damage.
Unknown command.
Fire: O) +9 shortbow of Bec Nimae {freeze, rElec rPois rC+ Int+5}
Press: ? - help, Q - select action, (/) - cycle Shift-Dir - straight line, f/p - large abomination
Aim: a large abomination (85% to hit)
You shoot an arrow. The arrow hits the large abomination!
The arrow freezes the large abomination.
The large abomination is moderately damaged.
You are ready to hop once more.
The large abomination hits you!
* * * LOW HITPOINT WARNING * * *
The large abomination hits you!
You die...

.## # .. .#
.#. ##. ##.##
.....#..##....
.......# #X#
#@# ###


You could see a large abomination.

Vanquished Creatures
  Bai Suzhen (Swamp:3)
  Mlioglotl (Swamp:4)
  Jorgrun (D:15)
  2 quicksilver dragons (Snake:4)
  Frances (D:14)
  A thorn hunter (Swamp:4)
  3 tengu reavers (Vaults:2)
  A sphinx (Vaults:1)
  Roxanne (D:14)
  7 nagarajas
  A fenstrider witch (Swamp:3)
  3 vault wardens
  A fire giant (Vaults:2)
  Aizul (Snake:1)
  Louise (D:15)
  2 orc warlords
  2 curse skulls (Vaults:2)
  10 ironbound preservers
  A very ugly thing (Vaults:1)
  A war gargoyle (Vaults:2)
  2 ironbound thunderhulks
  A stone giant (Vaults:2)
  A deep elf demonologist (Vaults:2)
  Azrael (D:13)
  2 dire elephants (Swamp:1)
  6 bunyips
  An eleionoma (Swamp:4)
  Snorg (D:14)
  The ghost of kamileon1 the Severer, a journeyman FoCK of Xom (D:11)
  A blizzard demon (Abyss:3)
  Josephine (D:15)
  An ettin (shapeshifter) (Abyss:3)
  A shambling mangrove (Swamp:4)
  6 salamander tyrants
  A deep elf high priest (Vaults:2)
  3 vault guards
  Fannar (Lair:2)
  6 yaktaur captains
  3 great orbs of eyes
  28 hydras
  5 boulder beetles
  3 ghost crabs
  2 ogre magi
  A spriggan air mage (Swamp:4)
  A catoblepas (D:15)
  11 anacondas
  7 ironbound frosthearts
  17 naga warriors
  3 two-headed ogres
  9 alligators
  20 centaur warriors
  A vampire mage (Vaults:2)
  2 tengu warriors
  3 orc high priests (Orc:2)
  2 thrashing horrors (Abyss:3)
  8 naga sharpshooters
  6 shock serpents
  3 spriggan berserkers (Swamp:4)
  The ghost of iamoutofideas the Severer, a novice HOBe of Trog (D:7)
  A deep elf knight (Swamp:1)
  8 salamander mystics
  A spatial maelstrom (Abyss:3)
  A flayed ghost (Vaults:3)
  3 spriggan druids
  A sea snake (Snake:3)
  A death drake (Swamp:3)
  19 deep trolls
  A wizard (Vaults:2)
  3 goliath frogs
  A harpy (Vaults:2)
  3 phantasmal warriors (Vaults:2)
  9 bog bodies
  4 naga ritualists
  A deep elf archer (Swamp:1)
  14 swamp dragons
  6 lindwurms
  11 ironbound convokers
  A necromancer (Vaults:2)
  8 orc knights
  A wolf spider (D:10)
  4 deep elf pyromancers
  7 cyclopes
  6 orc sorcerers
  12 ugly things
  10 salamanders
  10 mana vipers
  4 manticores
  10 guardian serpents
  Maurice (D:13)
  38 black mambas
  16 elephants
  16 naga magi
  9 vault sentinels
  A gargoyle (D:11)
  8 cane toads
  A smoke demon (Abyss:3)
  A hellion (Abyss:3)
  An ice statue (D:11)
  3 unseen horrors
  5 komodo dragons
  A rime drake (Lair:2)
  A tormentor (Abyss:3)
  An ancient zyme (Abyss:3)
  A freezing wraith (D:14)
  A hellwing (Abyss:3)
  A yaktaur skeleton (Vaults:2)
  13 yaktaurs
  20 trolls
  6 polar bears
  16 hornets
  2 bloated husks (Swamp:3)
  5 tyrant leeches
  18 slime creatures
  14 blink frogs
  A raiju (Swamp:1)
  2 large abominations (Abyss:3)
  2 dream sheep (Lair:5)
  Grinder (D:4)
  A human simulacrum (Vaults:2)
  A centaur simulacrum (D:14)
  An elf skeleton (Vaults:2)
  A shadow (D:7)
  29 spriggans
  5 wyverns
  6 basilisks
  9 wraiths
  Eustachio (D:5)
  Grum (D:7)
  39 yaks
  2 fire elementals (D:13)
  A chaos spawn (Abyss:3)
  11 vampire mosquitoes
  A spatial vortex (Abyss:3)
  A steam dragon (D:10)
  5 wargs
  4 hell hounds (D:13)
  36 nagas
  11 swamp worms
  14 water moccasins
  4 acid dragons
  28 orc warriors
  5 black bears
  A sky beast (D:7)
  14 swamp drakes
  13 ogres
  3 boggarts (Lair:5)
  13 centaurs
  31 wolves
  12 kobold brigands
  5 bullfrogs
  7 gnoll sergeants
  2 necrophages (D:6)
  A human zombie (Vaults:2)
  8 wights
  10 killer bees (D:9)
  4 vampire bats (Lair:4)
  5 howler monkeys
  6 electric eels
  A crimson imp (D:3)
  A quasit (Abyss:3)
  12 orc priests
  Crazy Yiuf (D:2)
  2 hounds
  A jelly (D:6)
  A gnoll bouda (D:7)
  4 iguanas
  29 orc wizards
  Robin (D:4)
  17 gnolls
  7 adders
  A shadow imp (D:8)
  A white imp (D:6)
  2 dart slugs (D:3)
  73 orcs
  14 bats
  6 endoplasms
  6 giant cockroaches
  15 goblins
  9 hobgoblins
  30 kobolds
  3 quokkas
  13 ball pythons
  A frilled lizard (D:2)
  A goblin skeleton (D:3)
  A goblin zombie (D:3)
  5 hobgoblin zombies (D:3)
  A kobold skeleton (D:3)
  A kobold zombie (D:3)
  An orc skeleton (D:3)
  2 orc zombies (D:3)
  3 rats (D:3)
  A lurking horror (Abyss:3)
1201 creatures vanquished.

Vanquished Creatures (collateral kills)
  Saint Roka (Snake:2)
  An orc warlord (Vaults:3)
  An ironbound frostheart (Vaults:3)
  A deep troll (Vaults:2)
  A lindwurm (Vaults:1)
  An orc knight (Vaults:3)
  A deep elf pyromancer (Vaults:3)
  4 ugly things (D:15)
  3 vault sentinels
  A yaktaur (Vaults:3)
  A polar bear (Lair:5)
  A hornet (Lair:5)
  A slime creature (Vaults:3)
  2 basilisks (Vaults:3)
  2 wolves (Lair:5)
  An orc priest (Orc:2)
23 creatures vanquished.

Vanquished Creatures (others)
  A black mamba (Snake:2)
  A large abomination (Abyss:3)
  A swamp worm (Swamp:2)
  A kobold (D:7)
  55 fungi
  70 plants
129 creatures vanquished.

Grand Total: 1353 creatures vanquished

Notes
Turn   | Place    | Note
-------+----------+-------------------------------------------
     0 | D:1      | LustLizard the Barachi Ice Elementalist began the quest for
                  | the Orb.
     0 | D:1      | Reached XP level 1. HP: 13/13 MP: 3/3
   146 | D:1      | Reached skill level 5 in Ice Magic
   404 | D:1      | Reached XP level 2. HP: 17/19 MP: 1/5
  1375 | D:2      | Identified the +1 buckler of Laruthra {Dex+2 Slay+2}
  1412 | D:2      | Found a faded altar of an unknown god.
  1433 | D:2      | Reached XP level 3. HP: 19/24 MP: 1/7
  1437 | D:2      | Learned a level 3 spell: Frozen Ramparts
  1785 | D:2      | Reached XP level 4. HP: 21/30 MP: 2/8
  2361 | D:2      | You fall into a shaft and drop 1 floor!
  2802 | D:2      | Found a runed translucent door.
  2803 | D:2      | Noticed Crazy Yiuf
  2810 | D:2      | Learned a level 3 spell: Ozocubu's Armour
  2814 | D:2      | Killed Crazy Yiuf
  3084 | D:3      | Found a glowing golden altar of the Shining One.
  3091 | D:3      | Reached XP level 5. HP: 35/35 MP: 2/10
  3141 | D:3      | Found Emuum's Antique Weapon Emporium.
  3563 | D:3      | Reached XP level 6. HP: 41/41 MP: 9/11
  3707 | D:3      | Learned a level 4 spell: Hailstorm
  3763 | D:3      | Found an ornate altar of the Wu Jian Council.
  3763 | D:3      | Found a snail-covered altar of Cheibriados.
  3771 | D:3      | Found a broken altar of Ashenzari.
  3785 | D:3      | Became a worshipper of Cheibriados the Contemplative
  3789 | D:3      | Found a sparkling altar of Nemelex Xobeh.
  3791 | D:3      | Found a hide-covered altar of Uskayaw.
  4298 | D:4      | Reached skill level 1 in Conjurations
  4667 | D:4      | Reached skill level 2 in Conjurations
  4984 | D:4      | Reached XP level 7. HP: 44/46 MP: 7/13
  5079 | D:4      | Noticed Grinder
  5094 | D:4      | Paralysed by Grinder for 5 turns
  5122 | D:4      | Killed Grinder
  5122 | D:4      | Reached * piety under Cheibriados
  5123 | D:4      | Reached skill level 3 in Conjurations
  5216 | D:4      | Found a sacrificial altar of Ru.
  5216 | D:4      | Found a white marble altar of Elyvilon.
  5337 | D:4      | Noticed Robin
  5344 | D:4      | Killed Robin
  5355 | D:4      | Identified the +2 ring mail of the Leaf {rElec rN++ rCorr
                  | Int-3}
  5485 | D:5      | Entered Level 5 of the Dungeon
  5676 | D:5      | Reached skill level 4 in Conjurations
  5732 | D:5      | Reached XP level 8. HP: 52/52 MP: 8/15
  6179 | D:5      | Reached ** piety under Cheibriados
  6295 | D:5      | Noticed Eustachio
  6313 | D:5      | Killed Eustachio
  6314 | D:5      | Reached skill level 5 in Spellcasting
  6771 | D:6      | Reached skill level 5 in Conjurations
  7015 | D:6      | Reached skill level 10 in Ice Magic
  7056 | D:6      | Found Ojyig's Magic Scroll Shop.
  7103 | D:6      | Bought a scroll of blinking for 75 gold pieces
  7103 | D:6      | Bought a scroll of identify for 20 gold pieces
  7156 | D:6      | Reached skill level 6 in Conjurations
  7238 | D:6      | Found a staircase to the Ecumenical Temple.
  7556 | D:6      | Reached XP level 9. HP: 54/57 MP: 17/17
  7819 | D:7      | Found a transporter.
  7836 | D:7      | Found Tenul's Antique Weapon Shoppe.
  7872 | D:7      | Identified the +3 trident "Iddisoq" {elec, Int+4}
  7884 | D:7      | Noticed Grum
  7941 | D:7      | Reached *** piety under Cheibriados
  7949 | D:7      | Reached skill level 7 in Conjurations
  8049 | D:7      | Found a flagged portal.
  8130 | Bailey   | Entered a bailey
  8481 | Bailey   | Reached skill level 8 in Conjurations
  8650 | Bailey   | Found an iron altar of Okawaru.
  8814 | D:7      | Found a stormy altar of Qazlal.
  8877 | D:7      | Identified the ring of Methouto {rN+ Str+5}
  8881 | D:7      | Found a transporter.
  8892 | D:7      | Noticed iamoutofideas's ghost (novice HOBe)
  8946 | D:7      | Reached XP level 10. HP: 63/63 MP: 20/20
  9041 | D:7      | Reached **** piety under Cheibriados
  9173 | D:8      | Identified the +2 robe "Zueschix" {Harm Regen+ Dex-2 SInv}
  9716 | D:8      | Reached skill level 9 in Conjurations
 10008 | D:8      | Found Temporch's Jewellery Emporium.
 10491 | D:6      | Bought a scroll of acquirement for 520 gold pieces
 10491 | D:6      | Acquired the ring of the City {rF+ rCorr}
 10549 | D:7      | Killed Grum
 10576 | D:7      | Killed iamoutofideas's ghost
 10680 | D:7      | Learned a level 2 spell: Static Discharge
 10756 | D:9      | Reached skill level 1 in Shields
 10889 | D:9      | Found a radiant altar of Vehumet.
 10917 | D:9      | Reached ***** piety under Cheibriados
 10929 | D:9      | Reached skill level 10 in Conjurations
 11030 | D:9      | Reached XP level 11. HP: 34/68 MP: 22/22
 11113 | D:9      | Reached skill level 5 in Shields
 12126 | D:10     | Entered Level 10 of the Dungeon
 12173 | D:10     | Noticed a two-headed ogre
 12177 | D:10     | Killed a two-headed ogre
 12535 | D:10     | Noticed a deep elf pyromancer
 12535 | D:10     | Noticed a six-headed hydra
 12535 | D:10     | Noticed an ogre mage
 12535 | D:10     | Noticed a centaur warrior
 12608 | D:10     | Found a blossoming altar of Fedhas.
 12616 | D:10     | Reached skill level 11 in Conjurations
 12665 | D:10     | Found a staircase to the Orcish Mines.
 12732 | D:10     | Found a faded altar of an unknown god.
 12733 | D:10     | Found a hazy altar of Hepliaklqana.
 12733 | D:10     | Paralysed by a kobold brigand for 5 turns
 12903 | D:11     | Found a transporter.
 12905 | D:11     | Noticed a deep elf pyromancer
 12905 | D:11     | Noticed kamileon1's ghost (journeyman FoCK)
 12936 | Orc:1    | Entered Level 1 of the Orcish Mines
 12946 | Orc:1    | Noticed an orc sorcerer
 12955 | Orc:1    | Killed an orc sorcerer
 13181 | Orc:1    | Found Ceivim's Weapon Shoppe.
 13505 | Orc:2    | Entered Level 2 of the Orcish Mines
 13506 | Orc:2    | Noticed an orc sorcerer
 13507 | Orc:2    | Noticed an orc knight
 13514 | Orc:1    | Reached ****** piety under Cheibriados
 13576 | D:11     | Noticed a two-headed ogre
 13578 | D:11     | Noticed a cyclops
 13766 | D:11     | Noticed a manticore
 13793 | D:11     | Noticed a boulder beetle
 13822 | D:11     | Killed a boulder beetle
 13909 | D:11     | Found a transporter.
 13922 | D:11     | Reached XP level 12. HP: 74/74 MP: 24/24
 13980 | D:11     | Reached skill level 10 in Shields
 13980 | D:11     | Reached skill level 12 in Conjurations
 13996 | D:11     | Reached skill level 15 in Ice Magic
 14090 | D:11     | Found a staircase to the Lair.
 14213 | D:11     | Noticed a two-headed ogre
 14226 | D:11     | Killed a two-headed ogre
 14526 | D:12     | Learned a level 5 spell: Metabolic Englaciation
 14533 | D:12     | Learned a level 6 spell: Simulacrum
 14649 | D:12     | Reached skill level 1 in Fighting
 14681 | D:12     | Noticed an eight-headed hydra
 14700 | D:12     | Killed an eight-headed hydra
 14701 | D:12     | Reached skill level 1 in Necromancy
 14890 | D:12     | Noticed a boulder beetle
 14899 | D:12     | Killed a boulder beetle
 15027 | D:12     | Learned a level 5 spell: Fireball
 15561 | D:13     | Noticed Azrael
 15569 | D:13     | Killed Azrael
 15570 | D:13     | Gained mutation: You can hop long distances. [Barachi
                  | growth]
 15570 | D:13     | Reached XP level 13. HP: 19/89 MP: 25/26
 15607 | D:13     | Noticed Maurice
 15637 | D:13     | Killed Maurice
 15638 | D:13     | Reached skill level 5 in Dodging
 15638 | D:13     | Reached skill level 10 in Spellcasting
 15747 | D:13     | Reached skill level 5 in Fighting
 15860 | D:13     | Found a sparkling altar of Nemelex Xobeh.
 16910 | D:14     | Noticed Frances
 16981 | Lair:1   | Entered Level 1 of the Lair of Beasts
 17510 | Lair:1   | Reached skill level 5 in Necromancy
 17863 | Lair:2   | Learned a level 4 spell: Dispel Undead
 17922 | Lair:2   | Found a staircase to the Snake Pit.
 17925 | Lair:2   | Noticed Fannar
 17929 | Lair:2   | Reached skill level 1 in Evocations
 17931 | Lair:2   | Reached skill level 1 in Invocations
 17963 | Lair:2   | Killed Fannar
 18044 | Lair:2   | Found a staircase to the Swamp.
 18809 | Lair:3   | Reached XP level 14. HP: 103/103 MP: 25/29
 18933 | Lair:3   | You fall into a shaft and drop 1 floor!
 20055 | Lair:4   | Found a runed translucent gate.
 20055 | Lair:4   | Found a runed translucent gate.
 20056 | Lair:4   | Found a runed translucent gate.
 20056 | Lair:4   | Noticed an acid blob
 20057 | Lair:4   | Noticed an azure jelly
 20058 | Lair:4   | Noticed an azure jelly
 20058 | Lair:4   | Noticed Faliobat's ghost (journeyman TeHu)
 20058 | Lair:4   | Noticed an acid blob
 20058 | Lair:4   | Noticed an acid blob
 20058 | Lair:4   | Noticed an azure jelly
 20064 | Lair:4   | Noticed an azure jelly
 20065 | Lair:4   | Found a viscous altar of Jiyva.
 20065 | Lair:4   | Noticed an azure jelly
 20203 | Lair:4   | Reached skill level 5 in Evocations
 20272 | Lair:4   | Found a runed translucent door.
 20272 | Lair:4   | Found a viscous altar of Jiyva.
 20273 | Lair:4   | Found a staircase to the Slime Pits.
 20273 | Lair:4   | Noticed an acid blob
 20273 | Lair:4   | Noticed an acid blob
 20652 | Lair:5   | Entered Level 5 of the Lair of Beasts
 20977 | Lair:5   | Reached skill level 5 in Invocations
 22115 | Lair:5   | Identified the +0 ring mail "Ytzoash" {Str+3 Slay-5 SInv}
 22315 | Lair:5   | Reached XP level 15. HP: 47/113 MP: 30/30
 23116 | D:14     | Killed Frances
 23327 | D:14     | Found a broken altar of Ashenzari.
 23361 | D:14     | Identified Roxanne's Disquisition on Earth
 23361 | D:14     | Noticed Roxanne
 24045 | D:14     | Found a gate to the Vaults.
 24437 | D:15     | Entered Level 15 of the Dungeon
 24438 | D:15     | Found Guaq's General Store.
 24864 | D:15     | Noticed Jorgrun
 24908 | D:15     | Reached skill level 10 in Fighting
 25089 | D:15     | Noticed Louise
 25105 | D:15     | Killed Louise
 25285 | D:15     | Killed Jorgrun
 25709 | D:15     | Found a staircase to the Depths.
 25709 | D:15     | Noticed a frost giant
 25808 | D:15     | Noticed Josephine
 25814 | D:15     | Killed Josephine
 26438 | Orc:2    | Noticed an orc warlord
 26595 | Orc:2    | Killed an orc warlord
 26722 | Orc:1    | Upgraded the game from 0.29.1-4-g47bece8355 to
                  | 0.29.1-12-g30fa7ad0bf
 26730 | Orc:1    | Learned a level 7 spell: Orb of Destruction
 27009 | Orc:2    | Reached skill level 13 in Conjurations
 27149 | Orc:2    | Found a staircase to the Elven Halls.
 27265 | Orc:2    | Found Koykhep's General Store.
 27360 | Orc:2    | Found Tawabace's Antique Armour Shoppe.
 27546 | Orc:2    | Found Kamekefu's Jewellery Boutique.
 27580 | Orc:2    | Reached XP level 16. HP: 90/124 MP: 18/32
 27739 | Orc:2    | Found Xoakoty's Antique Weapon Shop.
 28048 | Orc:2    | Bought an iridescent quarterstaff for 288 gold pieces
 28048 | Orc:2    | Identified the +10 quarterstaff of the Many Xenops
                  | {protect, *Slow rC+ rN++ Str+2} (You bought it in a shop on
                  | level 2 of the Orcish Mines)
 28048 | Orc:2    | Bought a crude flail for 272 gold pieces
 28048 | Orc:2    | Identified the +9 flail of the Shore {freeze, rF+} (You
                  | bought it in a shop on level 2 of the Orcish Mines)
 28050 | Orc:2    | Bought a translucent shortbow for 256 gold pieces
 28050 | Orc:2    | Identified the +9 shortbow of Bec Nimae {freeze, rElec
                  | rPois rC+ Int+5} (You bought it in a shop on level 2 of the
                  | Orcish Mines)
 28555 | D:14     | Killed Roxanne
 28570 | D:14     | Noticed Snorg
 28579 | D:14     | Killed Snorg
 28864 | Swamp:1  | Entered Level 1 of the Swamp
 28871 | Swamp:1  | Reached skill level 1 in Armour
 30915 | Swamp:2  | Reached skill level 10 in Invocations
 31439 | Swamp:3  | Noticed a fenstrider witch
 31445 | Swamp:3  | Paralysed by a fenstrider witch for 4 turns
 31450 | Swamp:3  | Killed a fenstrider witch
 31451 | Swamp:3  | Reached skill level 5 in Armour
 32316 | Swamp:3  | Identified the +0 buckler of Time Monsters {Contam rC+
                  | Stlth+}
 32336 | Swamp:3  | Learned a level 5 spell: Irradiate
 33103 | Swamp:3  | Noticed Bai Suzhen
 33127 | Swamp:3  | Killed Bai Suzhen
 33128 | Swamp:3  | Reached XP level 17. HP: 130/130 MP: 4/34
 33454 | Swamp:4  | Entered Level 4 of the Swamp
 33586 | Swamp:4  | Reached skill level 14 in Conjurations
 33775 | Swamp:4  | Noticed Mlioglotl
 34623 | Swamp:4  | Killed Mlioglotl
 35269 | Swamp:4  | Gained mutation: You are frail. (-10% HP) [mutagenic glow]
 35272 | Swamp:4  | Reached skill level 15 in Conjurations
 35560 | Swamp:4  | Got a decaying rune of Zot
 35712 | Snake:1  | Entered Level 1 of the Snake Pit
 36358 | Snake:1  | Noticed Aizul
 36363 | Snake:1  | Killed Aizul
 36536 | Snake:1  | Found Daif's General Store.
 36537 | Snake:1  | Found Murchi Udau's General Store.
 36651 | Snake:1  | Bought 2 scrolls of blinking for 165 gold pieces
 36651 | Snake:1  | Bought a potion of resistance for 110 gold pieces
 36651 | Snake:1  | Bought a +2 helmet of see invisible for 236 gold pieces
 37213 | Snake:2  | Reached skill level 16 in Conjurations
 37549 | Snake:2  | Reached XP level 18. HP: 109/122 MP: 18/36
 37960 | Snake:2  | Noticed Saint Roka
 38112 | Snake:2  | Reached skill level 15 in Spellcasting
 38323 | Snake:2  | Reached skill level 10 in Armour
 38437 | Snake:2  | Killed Saint Roka
 39109 | Snake:3  | Gained mutation: You are weak. (Str -2) [mutagenic glow]
 39110 | Snake:3  | Reached skill level 17 in Conjurations
 39177 | Snake:3  | Lost mutation: You are weak. (Str -2) [potion of mutation]
 39177 | Snake:3  | Lost mutation: You are frail. (-10% HP) [potion of
                  | mutation]
 39177 | Snake:3  | Gained mutation: You sometimes lose your temper in combat.
                  | [potion of mutation]
 39177 | Snake:3  | Gained mutation: Your muscles are strong. (Str +4, Int/Dex
                  | -1) [potion of mutation]
 39178 | Snake:3  | Lost mutation: Your muscles are strong. (Str +4, Int/Dex
                  | -1) [potion of mutation]
 39178 | Snake:3  | Lost mutation: You sometimes lose your temper in combat.
                  | [potion of mutation]
 39178 | Snake:3  | Gained mutation: Your skin changes colour to match your
                  | surroundings (Stealth+). [potion of mutation]
 39178 | Snake:3  | Gained mutation: You are dopey. (Int -2) [potion of
                  | mutation]
 40188 | Snake:3  | Identified the +1 leather armour of the Mackerel {rCorr
                  | Int+4 Dex-4}
 40666 | Snake:4  | Entered Level 4 of the Snake Pit
 40762 | Snake:4  | Identified the +1 plate armour of Roaxt {*Corrode +Blink
                  | rC+ rN+ Dex+4}
 42214 | Snake:4  | Noticed a quicksilver dragon
 42291 | Snake:4  | Noticed a quicksilver dragon
 42293 | Snake:4  | Killed a quicksilver dragon
 42294 | Snake:4  | Reached XP level 19. HP: 144/144 MP: 32/38
 42593 | Snake:4  | Reached skill level 18 in Conjurations
 42916 | Snake:4  | Got a serpentine rune of Zot
 43356 | D:11     | Killed kamileon1's ghost
 43713 | Vaults:1 | Entered Level 1 of the Vaults
 45862 | Vaults:2 | Found a staircase to the Crypt.
 45898 | Vaults:2 | Found a huge runed gate.
 45898 | Vaults:2 | Found a huge runed gate.
 45898 | Vaults:2 | Found a huge runed gate.
 45898 | Vaults:2 | Found a huge runed gate.
 45898 | Vaults:2 | Found a huge runed gate.
 45899 | Vaults:2 | Found a huge runed gate.
 45899 | Vaults:2 | Found a huge runed gate.
 45899 | Vaults:2 | Found a huge runed gate.
 45899 | Vaults:2 | Found a huge runed gate.
 45899 | Vaults:2 | Found a huge runed gate.
 45901 | Vaults:2 | Found a huge runed gate.
 45901 | Vaults:2 | Found a huge runed gate.
 45901 | Vaults:2 | Found a huge runed gate.
 45901 | Vaults:2 | Found a huge runed gate.
 45901 | Vaults:2 | Found a huge runed gate.
 45901 | Vaults:2 | Found a huge runed gate.
 45901 | Vaults:2 | Found a huge runed gate.
 45902 | Vaults:2 | Found a huge runed gate.
 45903 | Vaults:2 | Found a huge runed gate.
 45912 | Vaults:2 | Found a huge runed gate.
 45912 | Vaults:2 | Found a huge runed gate.
 45912 | Vaults:2 | Found a huge runed gate.
 45912 | Vaults:2 | Found a huge runed gate.
 45912 | Vaults:2 | Found a huge runed gate.
 45912 | Vaults:2 | Found a huge runed gate.
 45912 | Vaults:2 | Found a huge runed gate.
 45913 | Vaults:2 | Found a huge runed gate.
 45914 | Vaults:2 | Found a huge runed gate.
 45923 | Vaults:2 | Found a huge runed gate.
 45923 | Vaults:2 | Found a huge runed gate.
 45923 | Vaults:2 | Found a huge runed gate.
 45923 | Vaults:2 | Found a huge runed gate.
 45923 | Vaults:2 | Found a huge runed gate.
 45923 | Vaults:2 | Found a huge runed gate.
 45923 | Vaults:2 | Found a huge runed gate.
 45924 | Vaults:2 | Found a huge runed gate.
 46379 | Vaults:2 | Reached skill level 19 in Conjurations
 46447 | Vaults:2 | Reached XP level 20. HP: 41/155 MP: 11/40
 46844 | Vaults:2 | Gained mutation: You are clumsy. (Dex -2) [mutagenic glow]
 47238 | Vaults:2 | Identified the +1 chain mail of a sewer {+Blink}
 47593 | Vaults:2 | Identified the +1 ring mail of Dramatic Exits {Harm Will++
                  | Str-2}
 48414 | Vaults:2 | Acquired the -2 pair of gloves of Darkness {*Slow Int+6}
 48948 | Abyss:3  | Found a corrupted altar of Lugonu.
 48948 | Abyss:3  | Cast into level 3 of the Abyss (a wizard)
 49214 | Abyss:3  | Lost mutation: Your skin changes colour to match your
                  | surroundings (Stealth+). [mutagenic glow]
 49219 | Abyss:3  | HP: 2/157 [naga warrior/+0 war axe (20)]
 49225 | Abyss:3  | Found a corrupted altar of Lugonu.
 49247 | Abyss:3  | HP: 5/157 [large abomination (11)]
 49247 | Abyss:3  | Mangled by a large abomination

Illustrated notes

Levels and vault maps discovered:
D:1:      denvon_arrival_planthouse, layout_basic, st_stairs_5,
          minmay_pentomino_t4
D:2:      minmay_chambers_of_ones, layout_loops_ring, basic_ecumenical_altar,
          grunt_decor_cap, uniq_crazy_yiuf_cottage
D:3:      layout_loops_corners, nicolae_tso_besieged_by_evil,
          chequers_temple_overflow_minitemple, serial_shops, shop
D:4:      layout_basic, gammafunk_temple_overflow_wave,
          minmay_tree_intersection, grunt_ministairs_8,
          ebering_dispersal_statue_hall, kennysheep_flooded_box,
          hangedman_feature_mirror, uniq_robin, uniq_grinder
D:5:      layout_layer_cave, chequers_serial_rivers_large_a, uniq_eustachio
D:6:      layout_gridville, minmay_temple_entry_offerings, serial_shops,
          shop_scrolls
D:7:      layout_cave_pools, grunt_qazlal_clouds, enter_bailey_5,
          serial_column_ruins, column_ruins_hut_water, column_ruins_hut,
          column_ruins_open_medium, column_ruins_grid_2,
          column_ruins_columns_corner, serial_shops, shop,
          gammafunk_ghost_gnarly_gnolls
D:8:      layout_layer_cave, serial_shops, kennysheep_little_box
D:9:      layout_layer_cave, mainiacjoe_overflow_brackets,
          hangedman_abyss_or_decor_stabs
D:10:     minmay_shrinking_squares, layout_basic, lemuel_crystal_altar,
          beargit_hepliaklqana_dungeon_heroes, orc_0_dummy
D:11:     layout_cave_pools, minmay_lair_entry_grove, nzn_ghost_randoct
D:12:     layout_irregular_city, minmay_misc_feat_nine_boxes
D:13:     layout_loops_ring, grunt_ministairs_7, nemelex_spade_bored_becter,
          uniq_azrael, uniq_maurice
D:14:     layout_irregular_city, david_vaults_5, ashenzari_conservatory_becter,
          uniq_snorg, uniq_roxanne, uniq_frances
D:15:     grunt_enter_depths_snipers, layout_basic, serial_shops,
          nicolae_shop_hallway_plus, chequers_serial_rivers_small_3,
          uniq_josephine, uniq_louise, uniq_jorgrun
Lair:1:   layout_gridlike
Lair:2:   layout_regular_city, swamp_mist, minmay_snake_entry_spellcaster,
          uniq_fannar
Lair:3:   layout_cave_pods
Lair:4:   layout_roguey, slime_entry_2, gammafunk_ghost_ooze, roderic_batcave,
          lemuel_fruit_tree, grunt_megastairs_1
Lair:5:   minmay_lair_end_enchanted_forest, layout_cave_pods,
          nicolae_quartered_pool_super
Swamp:1:  layout_basic_swamp, nicolae_swamp_orc_logging_accident, swamp_pool1,
          beargit_elvish_explorers
Swamp:2:  layout_basic_swamp, evilmike_swamp_ruin_house_4, swamp_pool3
Swamp:3:  layout_falls_marsh, nicolae_swamp_triple_paths, swamp_pool5,
          st_swamp_mini, infiniplex_staircase_pool_2, uniq_bai_suzhen
Swamp:4:  swamp_basic_johnstein, layout_basic_swamp, swamp_pool1, uniq_mlioglotl
Snake:1:  layout_basic, corexii_hall_statues_i, serial_bayou_shore_a,
          minmay_shoptagon, grunt_megastairs_5, uniq_aizul
Snake:2:  layout_misc_corridors, uniq_saint_roka
Snake:3:  layout_chambers, nicolae_snake_shapes
Snake:4:  hellmonk_snake_rune_quicksilver_temple, layout_misc_corridors,
          grunt_ministairs_14
Orc:1:    layout_diamond_mine, serial_shops, nicolae_shop_bloodbath_and_beyond,
          basic_altar
Orc:2:    grunt_orc_gardens, layout_caves, grunt_orc_garden, grunt_orc_garden,
          grunt_orc_garden, grunt_orc_garden
Vaults:1: hangedman_vaults_stream, v_misc_18, nicolae_vaults_network_quinsquares
          [nicolae_vaults_network_quincunx_subvault,
          nicolae_vaults_network_quincunx_subvault,
          nicolae_vaults_network_quincunx_subvault,
          nicolae_vaults_network_quincunx_subvault], vaults_mumra_hex,
          hangedman_vaults_trim, vaults_room_fours, layout_vaults_omnibox
Vaults:2: minmay_crypt_entry_simple_corners, vaults_room_semicircle, door_vault,
          grunt_vaults_swirl, nicolae_vaults_little_ls,
          nicolae_vaults_network_barrier, v_alt_pattern_5,
          layout_vaults_omnigrid
Vaults:3: ebering_ghost_xom, nicolae_vaults_puzzle_piece, hangedman_vaults_trim,
          nicolae_vaults_angled_halls, ontoclasm_vaults_hangar,
          ontoclasm_vaults_gateway, ontoclasm_vaults_idyll, st_cells,
          nicolae_vaults_twisting_passages, ontoclasm_vaults_loading_screen,
          nicolae_vaults_little_squares_5, v_misc_2, ontoclasm_vaults_chip,
          layout_vaults_big_room, serial_hangedman_research,
          hangedman_research_metamorphosis, hangedman_research_geology,
          hangedman_research_probablistics, serial_shops,
          nicolae_shop_hallway_plus, uniq_boris
Abyss:3:  base:
Orc:2

Skill      XL: |  1  2  3  4  5  6  7  8  9 10 11 12 13 14 15 16 17 18 19 20 |
---------------+-------------------------------------------------------------+-----
Ice Magic      | 5 6 7 8 9 10 12 13 14 15 16 17 | 17.5
Spellcasting   | 3 4 5 6 7 8 9 11 12 13 14 15 16 | 16.7
Conjurations   | 2 4 6 8 10 11 12 13 16 17 19 | 19.9
Shields        | 4 9 10 | 10.9
Fighting       | 4 7 9 10 11 12 13 | 13.4
Necromancy     | 3 5 6 7 |  7.0
Dodging        | 4 6 |  6.8
Evocations     | 3 7 9 |  9.3
Invocations    | 2 6 8 10 | 10.7
Armour         | 6 9 11 12 13 | 13.5
Stealth        | |  1.7

Action                   |  1- 3 |  4- 6 |  7- 9 | 10-12 | 13-15 | 16-18 | 19-21 || total
-------------------------+-------+-------+-------+-------+-------+-------+-------++-------
Melee: Unarmed           |    39 |       |       |       |       |       |       ||    39
       Hand axe          |    23 |    90 |       |       |       |       |       ||   113
       Punch             |     1 |       |       |       |       |       |       ||     1
       Trident           |       |       |   171 |   279 |   789 |    11 |       ||  1250
 Fire: Shortbow          |       |       |       |       |       |   534 |   392 ||   926
 Cast: Freeze            |    35 |    22 |     6 |     8 |     8 |       |       ||    79
       Frozen Ramparts   |       |    11 |    34 |    70 |    74 |     1 |       ||   190
       Ozocubu's Armour  |       |     7 |    20 |    53 |    60 |     3 |     4 ||   147
       Hailstorm         |       |       |     5 |    32 |   114 |    94 |    30 ||   275
       Fireball          |       |       |       |     2 |    67 |    15 |     8 ||    92
       Metabolic Englaci |       |       |       |     1 |     8 |     4 |     1 ||    14
       Static Discharge  |       |       |       |       |     3 |    36 |    22 ||    61
       Simulacrum        |       |       |       |       |    18 |     1 |       ||    19
       Orb of Destructio |       |       |       |       |     3 |   241 |    84 ||   328
       Irradiate         |       |       |       |       |       |    49 |    88 ||   137
Invok: Step From Time    |       |       |       |       |       |     1 |     7 ||     8
 Abil: Hop               |       |       |     1 |     2 |    14 |    15 |    16 ||    48
       Evoke Blink       |       |       |       |       |       |     1 |    13 ||    14
Evoke: Wand              |       |       |       |       |     3 |     6 |    19 ||    28
       Box of beasts     |       |       |       |       |       |     2 |     3 ||     5
       Tin of tremorston |       |       |       |       |       |       |     1 ||     1
  Use: Scroll            |       |       |    12 |     8 |    12 |    12 |    20 ||    64
       Potion            |       |       |     2 |     1 |     3 |     5 |    18 ||    29
 Stab: Sleeping          |       |     2 |     5 |       |     3 |       |       ||    10
       Distracted        |       |       |       |     2 |     3 |       |       ||     5
Armor: Robe              |    43 |    19 |       |       |       |       |       ||    62
       Ring mail         |       |    17 |    93 |   231 |   447 |   180 |       ||   968
       Leather armour    |       |     3 |     8 |       |       |       |       ||    11
       Plate armour      |       |       |       |       |       |    75 |   391 ||   466
Dodge: Dodged            |    94 |    60 |   115 |   217 |   764 |   495 |   425 ||  2170
Block: Buckler           |       |    15 |    82 |   221 |   643 |     4 |       ||   965
       Reflection        |       |       |     6 |       |       |       |       ||     6
